 Dungeon Sprint DCSS version 0.26-a0-753-g4680b4fa2e (webtiles) character file.

Game seed: 7469190726671984820

439 Riddle the Blocker (level 7, -3/50 HPs)
             Began as a Gargoyle Fighter on Nov 7, 2020.
             Was an Initiate of Ru.
             Slain by Sonja
             ... wielding a +0 short sword of distortion
              (4 damage)
             ... in the Dungeon (Sprint I: "Red Sonja").
             The game lasted 00:03:08 (399 turns).

Riddle the Blocker (Gargoyle Fighter)                Turns: 399, Time: 00:03:08

Health: -3/50      AC:  8    Str: 21    XL:     7   Next: 1%
Magic:  7/7        EV: 17    Int:  9    God:    Ru [......]
Gold:   297        SH:  0    Dex:  9    Spells: 6/6 levels left

rFire    + + .     SeeInvis .   (weapon currently unavailable)
rCold    + + .     Faith    .   (shield currently unavailable)
rNeg     + + +     Spirit   .   (armour currently unavailable)
rPois    ∞         Reflect  .   (helmet currently unavailable)
rElec    +         Harm     .   (cloak currently unavailable)
rCorr    +         Rampage  .   (gloves currently unavailable)
MR       .....     NoTele   +   (boots currently unavailable)
Stlth    +.........             (amulet currently unavailable)
HPRegen  0.16/turn              (ring currently unavailable)
MPRegen  0.10/turn              (ring currently unavailable)

@: wisp-form, flying, quick
A: tiny, negative energy resistance 1, petrification resistance, rot immunity,
AC +4
a: Renounce Religion


You were in the Dungeon.
You worshipped Ru.
Ru was noncommittal.
You were an insubstantial wisp.
You visited 1 branch You collected 297 gold pieces.

Inventory:

Hand Weapons
 a - a +0 flail (melded)
Armour
 b - a +0 scale mail (melded)
 c - a +0 kite shield (melded)
Scrolls
 j - a scroll of blinking
Potions
 d - a potion of might
 e - a potion of curing
 f - a potion of heal wounds
 g - a potion of haste
 h - 2 potions of magic
 i - a potion of berserk rage
 k - 2 potions of attraction {unknown}


   Skills:
 + Level 8.5 Fighting
 + Level 7.1 Maces & Flails
 + Level 8.4 Armour
 + Level 0.4 Dodging
 + Level 9.2 Shields


You had 6 spell levels left.
You didn't know any spells.
Your spell library was empty.

Dungeon Overview and Level Annotations

Branches:
Dungeon (1/1)

Altars:
Cheibriados
Dithmenos
Elyvilon
Fedhas
Gozag
Hepliaklqana
Kikubaaqudgha
Nemelex Xobeh
Okawaru
Qazlal
Ru
Sif Muna
Trog
Uskayaw
Vehumet
Wu Jian
Yredelemnul
Zin
The Shining One

Shops:
D !

Annotations:
D Sonja


Innate Abilities, Weirdness & Mutations

You are resistant to torment.
((Your stone body is resilient. (AC +4)))
You are immune to poison.
You resist negative energy. (rN+)
((You are resistant to electric shocks. (rElec)))
((You can survive without breathing.))
You are immune to petrification.
You are immune to rotting.


Message History

The curare-tipped dart barely misses you.
Sonja hits you but does no damage. Space bends around you.
Sonja hits you but does no damage. Space warps horribly around you!
Sonja hits you but does no damage. Space warps horribly around you!
There is a hazy altar of Hepliaklqana here.
You closely miss Sonja.
Sonja hits you with a +0 short sword of distortion.
Sonja completely misses you. Sonja hits you but does no damage.
Space bends around you. Sonja barely misses you. You block Sonja's attack.
Sonja hits you but does no damage. Space warps horribly around you!
* * * LOW HITPOINT WARNING * * *
You barely miss Sonja. You block Sonja's attack.
Sonja hits you but does no damage. x2; Space bends around you.
* * * LOW HITPOINT WARNING * * *
You closely miss Sonja.
Sonja zaps a wand.
You turn into an insubstantial wisp.
Your +0 flail melds into your body.
Your +0 kite shield melds into your body.
Your +0 scale mail melds into your body.
Sonja hits you but does no damage. Space bends around you.
You die...

################
#<.#..)..#..'..#
#..').#..').#..+
#..#####'#####'#
#..####..#...#(#
#..#__####..##.#
#..#_____##'#_.+
#⌠⌠#_.∩..K'.(._#
####_.._v##_(#+#
#_____###'#
####### #§# $.$
$K$# ##.## #+#


You could see Sonja.

Vanquished Creatures
  Sigmund (D)
  A yak (D)
  An ogre (D)
  A jelly (D)
  Ijyb (D)
5 creatures vanquished.

Vanquished Creatures (others)
  A gargoyle (D)
1 creature vanquished.

Grand Total: 6 creatures vanquished

Notes
Turn   | Place    | Note
-------+----------+-------------------------------------------
     0 | D        | Riddle the Gargoyle Fighter began the quest for the Orb.
     0 | D        | Reached XP level 1. HP: 14/14 MP: 1/1
     1 | D        | Noticed Ijyb
    17 | D        | Killed Ijyb
    17 | D        | Reached skill level 4 in Shields
    17 | D        | Reached XP level 2. HP: 17/20 MP: 2/2
    17 | D        | Reached XP level 3. HP: 20/24 MP: 3/3
    62 | D        | Noticed an ogre
    74 | D        | Killed an ogre
    74 | D        | Reached skill level 6 in Shields
    74 | D        | Reached XP level 4. HP: 12/32 MP: 4/4
   284 | D        | Noticed Sigmund
   298 | D        | Killed Sigmund
   298 | D        | Reached skill level 5 in Maces & Flails
   298 | D        | Reached skill level 8 in Shields
   298 | D        | Reached XP level 5. HP: 37/38 MP: 5/5
   298 | D        | Reached XP level 6. HP: 43/44 MP: 6/6
   314 | D        | Found an ornate altar of the Wu Jian Council.
   314 | D        | Found a shimmering blue altar of Sif Muna.
   316 | D        | Found a radiant altar of Vehumet.
   346 | D        | Found Wuwomot's Distillery.
   346 | D        | Found an ancient bone altar of Kikubaaqudgha.
   346 | D        | Found a hazy altar of Hepliaklqana.
   346 | D        | Found a stormy altar of Qazlal.
   346 | D        | Found a hide-covered altar of Uskayaw.
   346 | D        | Found a blossoming altar of Fedhas.
   346 | D        | Found a bloodstained altar of Trog.
   346 | D        | Found an iron altar of Okawaru.
   346 | D        | Found a basalt altar of Yredelemnul.
   346 | D        | Found a glowing golden altar of the Shining One.
   346 | D        | Found a snail-covered altar of Cheibriados.
   346 | D        | Found a sacrificial altar of Ru.
   346 | D        | Found a glowing silver altar of Zin.
   346 | D        | Found a shadowy altar of Dithmenos.
   346 | D        | Found a white marble altar of Elyvilon.
   346 | D        | Noticed a yak
   348 | D        | Killed a gargoyle
   357 | D        | Killed a yak
   357 | D        | Reached skill level 9 in Shields
   357 | D        | Reached XP level 7. HP: 49/50 MP: 7/7
   358 | D        | Found an opulent altar of Gozag.
   359 | D        | Found a sparkling altar of Nemelex Xobeh.
   377 | D        | Became a worshipper of Ru the Awakened
   385 | D        | Noticed Sonja
   398 | D        | HP: 1/50 [Sonja/+0 short sword of distortion (4)]
   399 | D        | Slain by Sonja

Illustrated notes

Levels and vault maps discovered:
D:        dungeon_sprint_1 [red_sonja_temple_1, red_sonja_temple_small_1]

Skill      XL: |  1  2  3  4  5  6 |
---------------+-------------------+-----
Fighting       | 4 6 7 8 |  8.5
Armour         | 4 6 7 8 |  8.4
Shields        | 4 6 8 9 |  9.2
Maces & Flails | 4 5 7 |  7.1
Dodging        | |  0.4

Action                   |  1- 3 |  4- 6 |  7- 9 || total
-------------------------+-------+-------+-------++-------
Melee: Flail             |    25 |    26 |     3 ||    54
Armor: Scale mail        |     4 |     4 |     6 ||    14
       Skin              |       |       |     1 ||     1
Dodge: Dodged            |     8 |     9 |     4 ||    21
Block: Kite shield       |    10 |     8 |     2 ||    20

Table legend: (Time is in decaauts)
 A = Elapsed time spent in this place.
 B = Non-inter-level travel time spent in this place.
 C = Inter-level travel time spent in this place.
 D = Time resting spent in this place.
 E = Time spent auto-exploring this place.
 F = Levels seen in this place.
 G = Mean time per level.
                   A        B        C        D        E       F      G
               +--------+--------+--------+--------+--------+-----+--------+
         Total |    412 |    412 |      0 |    238 |      0 |   1 |  412.0 |
       Dungeon |    412 |    412 |      0 |    238 |      0 |   1 |  412.0 |
               +--------+--------+--------+--------+--------+-----+--------+

Top non-repeatable levels by time:
       D: 412 daAuts
